 Dungeon Crawl Stone Soup version 0.27-a0-695-gb4952372f7 (webtiles) character file.

Game seed: 4241786157183274996

14370 jasper the Thaumaturge (level 11, -15/67 HPs)
             Began as a Deep Elf Hedge Wizard on Mar 21, 2021.
             Was a Priest of Sif Muna.
             Demolished by a cane toad (21 damage)
             ... on level 3 of the Lair of Beasts.
             The game lasted 00:44:26 (24697 turns).

jasper the Thaumaturge (Deep Elf Hedge Wizard)     Turns: 24697, Time: 00:44:27

Health: -15/67     AC:  9    Str:  7    XL:     11   Next: 87%
Magic:  11/29      EV: 17    Int: 23    God:    Sif Muna [***...]
Gold:   674        SH:  5    Dex: 14    Spells: 14/34 levels left

rFire    . . .     SeeInvis .   b - +5 short sword (freeze)
rCold    + . .     Faith    .   x - +0 buckler
rNeg     + . .     Spirit   .   S - +2 robe {rN+}
rPois    .         Reflect  .   c - +1 hat
rElec    .         Harm     .   g - +0 cloak
rCorr    .         Rampage  .   (no gloves)
Will     +....                  o - +2 pair of boots
Stlth    ++........             P - amulet of regeneration
HPRegen  1.21/turn              F - +4 ring of slaying
MPRegen  0.21/turn              E - ring of protection from cold

@: lethally poisoned (-15 -> -24)
A: no striking features
a: Renounce Religion, Channel Magic, Forget Spell


You were on level 3 of the Lair of Beasts.
You worshipped Sif Muna.
Sif Muna was most pleased with you.
You visited 4 branches of the dungeon, and saw 16 of its levels.
You also visited: Ossuary.

You collected 674 gold pieces.

Inventory:

Hand Weapons
 a - a +1 dagger
 b - a +5 short sword of freezing (weapon)
 e - a +0 hunting sling
 i - a +1 scimitar of flaming
 G - a +0 shortbow of flaming
 I - a +3 dagger of freezing
 J - a +3 scimitar
 L - a +2 trident of protection
Missiles
 f - 391 stones
 p - 63 poisoned darts
 B - 4 javelins
 H - 139 arrows
 R - 6 silver boomerangs
 V - 5 curare-tipped darts
Armour
 c - a +1 hat (worn)
 g - a +0 cloak (worn)
 k - a +2 robe of positive energy
 n - a +0 kite shield
 o - a +2 pair of boots (worn)
 t - a scarf of shadows
 x - a +0 buckler (worn)
 O - a +1 leather armour of fire resistance
 S - a +2 robe of positive energy (worn)
Magical Staves
 N - a staff of air
Jewellery
 y - a ring of wizardry
 E - a ring of protection from cold (left hand)
 F - a +4 ring of slaying (right hand)
 P - an amulet of regeneration (around neck)
Wands
 d - a wand of polymorph (12)
 u - a wand of digging (10)
 C - a wand of random effects (11)
 M - a wand of charming (6)
 X - a wand of iceblast (9)
 Y - a wand of flame (9)
Scrolls
 m - a scroll of fog
 s - 2 scrolls of teleportation
 v - 3 scrolls of enchant armour
 D - 3 scrolls of magic mapping
 Q - 3 scrolls of enchant weapon
 T - a scroll of fear
 W - a scroll of brand weapon
Potions
 h - a potion of might
 j - 3 potions of attraction
 l - a potion of ambrosia
 q - 2 potions of resistance
 r - a potion of flight
 w - a potion of curing
 z - a potion of heal wounds {unknown}
 A - a potion of berserk rage {unknown}
 K - a potion of brilliance {unknown}
 U - 2 potions of degeneration {unknown}


   Skills:
 - Level 7.5 Fighting
 - Level 10.8 Dodging
 - Level 2.4 Stealth
 - Level 4.0 Shields
 - Level 12.2 Spellcasting
 - Level 5.1 Conjurations
 - Level 2.0 Hexes
 * Level 3.0 Summonings
 - Level 2.0 Translocations
 - Level 2.0 Fire Magic
 * Level 3.2 Air Magic
 - Level 2.0 Poison Magic
 + Level 8.0 Invocations


You had 14 spell levels left.
You knew the following spells:

 Your Spells              Type           Power      Damage    Failure   Level
a - Magic Dart            Conj           100%       1d8       1%          1
b - Blink                 Tloc           N/A        N/A       3%          2
c - Call Imp              Summ           27%        N/A       1%          2
d - Slow                  Hex            23%        N/A       3%          2
e - Conjure Flame         Conj/Fire      30%        6-21      3%          3
f - Mephitic Cloud        Conj/Pois/Air  30%        N/A       3%          3
g - Tukima's Dance        Hex            23%        N/A       6%          3
h - Summon Lightning Spi  Summ/Air       28%        N/A       12%         4

Your spell library contained the following spells:

 Spells                   Type           Power      Damage    Failure   Level
 Corona                   Hex            25%        N/A       1%          1
 Summon Small Mammal      Summ           100%       N/A       1%          1
 Dazzling Flash           Conj/Hex       60%        N/A       3%          3
 Ensorcelled Hibernation  Hex/Ice        36%        N/A       4%          2
 Call Canine Familiar     Summ           27%        N/A       4%          3
 Summon Guardian Golem    Hex/Summ       25%        N/A       4%          3
 Confusing Touch          Hex            23%        N/A       6%          3
 Summon Ice Beast         Ice/Summ       21%        N/A       24%         4


Dungeon Overview and Level Annotations

Branches:
Dungeon (11/15)            Temple (1/1) D:7            Lair (3/6) D:8
 Spider (0/4) Lair:2          Orc (1/2) D:9         Ossuary (visited)
  Swamp: Lair:2-4    Shoals: Lair:2-4

Altars:
Ashenzari
Cheibriados
Dithmenos
Fedhas
Gozag
Hepliaklqana
Kikubaaqudgha
Makhleb
Nemelex Xobeh
Okawaru
Qazlal
Ru
Sif Muna
Trog
Vehumet
Wu Jian
Xom
Zin
The Shining One
Beogh

Shops:
D:5 *

Portals:
Trove: D:11 (give 3 potions of resistance)

Annotations:
D:3 2 transporters, spiderkeys's ghost, amateur HuBe
D:5 3 runed translucent doors, Terratoch's ghost, amateur SpEn
D:10 Nergalle


Message History

The cane toad closely misses you.
You now have 14/29 mp.
Aiming: Magic Dart (safe; 1% risk of failure)
Press: ? - help, Q - select action, (/) - cycle Shift-Dir - straight line, f/p - cane toad
Aim: a cane toad (almost dead, 0% to evade)
The magic dart hits the cane toad.
The cane toad is almost dead.
The cane toad stings you!
You are poisoned.
The cane toad poisons you!
You take 8 damage, and have 39/67 hp.
You now have 13/29 mp.
Aiming: Magic Dart (safe; 1% risk of failure)
Press: ? - help, Q - select action, (/) - cycle Shift-Dir - straight line, f/p - cane toad
Aim: a cane toad (almost dead, 0% to evade)
The magic dart hits the cane toad.
The cane toad is almost dead.
You feel sick. The cane toad stings you!
You are more poisoned.
The cane toad poisons you!
You take 12 damage, and have 27/67 hp.
Aiming: Magic Dart (safe; 1% risk of failure)
Press: ? - help, Q - select action, (/) - cycle Shift-Dir - straight line, f/p - cane toad
Aim: a cane toad (almost dead, 0% to evade)
The magic dart hits the cane toad but does no damage.
The cane toad is almost dead.
You feel very sick. You block the cane toad's attack. The cane toad stings you!
* * * LOW HITPOINT WARNING * * *
You are lethally poisoned!
The cane toad poisons you!
You take 19 damage, and have 8/67 hp.
MASSIVE DAMAGE!!
You now have 12/29 mp.
Aiming: Magic Dart (safe; 1% risk of failure)
Press: ? - help, Q - select action, (/) - cycle Shift-Dir - straight line, f/p - cane toad
Aim: a cane toad (almost dead, 0% to evade)
The magic dart hits the cane toad but does no damage.
The cane toad is almost dead.
* * * LOW HITPOINT WARNING * * *
You feel very sick. The cane toad stings you!!
You die...

### #≈≈### ##≈≈≈≈# #.
##.≈≈..## ##.
##≈≈≈≈≈..##
##P.##....≈....######
#P.......≈.≈.........
#.......>...@#.##
##......#.....F..#
#....†.#.(P..#...##
#...<...P...#...P#
#..P..P.PP.P.###..#
##....♣P♣PPP.# ..#
#...PPP♣PPP..# .#[.
#..PP♣♣♣♣.♣.........
##...P ♣P....... ...P


You could see a cane toad.

Vanquished Creatures
  A hydra (Lair:3)
  Erica (Lair:1)
  Sonja (Lair:1)
  A black mamba (Lair:1)
  4 cane toads
  3 komodo dragons
  2 jumping spiders (Lair:2)
  A hornet (D:11)
  4 wyverns
  A redback (Lair:2)
  Grum (D:10)
  A wraith (D:10)
  3 basilisks
  A dancing weapon (D:10)
  14 yaks
  2 vampire mosquitoes (D:9)
  10 water moccasins
  5 orc warriors
  4 ice beasts
  5 black bears
  2 sky beasts
  4 ogres
  11 wolves
  2 centaurs
  2 phantoms
  7 bullfrogs
  A wyvern skeleton (D:10)
  A wyvern zombie (D:8)
  A scorpion (D:7)
  A water moccasin skeleton (D:8)
  10 killer bees
  18 wights
  2 howler monkeys
  A bullfrog zombie (D:6)
  A centaur skeleton (D:8)
  4 hounds
  A jelly (D:5)
  4 orc priests
  3 iguanas
  6 worker ants
  5 orc wizards
  A hound skeleton (D:5)
  A worker ant zombie (D:6)
  4 adders
  3 gnolls (D:7)
  A shadow imp (D:5)
  3 white imps
  An ufetubus (D:3)
  3 oozes
  2 adder skeletons
  4 worms
  A dart slug (D:1)
  A leopard gecko (D:3)
  35 orcs
  11 bats
  8 giant cockroaches
  4 goblins
  8 hobgoblins
  7 jackals
  2 quokkas
  8 frilled lizards
  13 hobgoblin zombies (Ossuary)
  10 kobolds
  4 kobold zombies (Ossuary)
  3 orc zombies (Ossuary)
  7 rats
  A butterfly (Lair:1)
298 creatures vanquished.

Vanquished Creatures (collateral kills)
  A yak (Lair:1)
  A basilisk (Lair:2)
  An ogre (D:4)
  A wolf (Lair:2)
  Jessica (D:3)
  An orc wizard (D:6)
  A leopard gecko (D:6)
7 creatures vanquished.

Vanquished Creatures (others)
  10 fungi
  50 plants
60 creatures vanquished.

Grand Total: 365 creatures vanquished

Notes
Turn   | Place    | Note
-------+----------+-------------------------------------------
     0 | D:1      | jasper the Deep Elf Hedge Wizard began the quest for the
                  | Orb.
     0 | D:1      | Reached XP level 1. HP: 10/10 MP: 7/7
   393 | D:1      | Reached XP level 2. HP: 15/15 MP: 7/9
   396 | D:1      | Learned a level 2 spell: Blink
   399 | D:1      | Learned a level 2 spell: Call Imp
   402 | D:1      | Learned a level 2 spell: Slow
  1391 | D:2      | Found an iron altar of Okawaru.
  1520 | D:2      | Reached XP level 3. HP: 19/19 MP: 8/10
  2046 | D:2      | Learned a level 3 spell: Conjure Flame
  2067 | D:3      | Found a blossoming altar of Fedhas.
  2564 | D:3      | Reached XP level 4. HP: 24/24 MP: 6/12
  2950 | D:3      | Noticed spiderkeys's ghost (amateur HuBe)
  3037 | D:3      | Found a transporter.
  3328 | D:3      | Noticed Jessica
  3335 | D:3      | Killed Jessica
  3336 | D:3      | Reached skill level 5 in Conjurations
  3541 | D:3      | Found a transporter.
  3588 | D:4      | Reached skill level 1 in Hexes
  3588 | D:4      | Reached XP level 5. HP: 28/28 MP: 7/13
  3596 | D:4      | Noticed an ogre
  3636 | D:3      | Reached skill level 1 in Fire Magic
  3893 | D:4      | Killed an ogre
  3898 | D:4      | Learned a level 3 spell: Mephitic Cloud
  4262 | D:4      | Reached XP level 6. HP: 33/33 MP: 8/15
  4377 | D:4      | Reached skill level 1 in Air Magic
  4377 | D:4      | Reached skill level 1 in Poison Magic
  5486 | D:5      | Entered Level 5 of the Dungeon
  5595 | D:5      | Reached skill level 1 in Shields
  5867 | D:5      | Found Dodef's Lightly-Used Armoury.
  5986 | D:5      | Reached XP level 7. HP: 37/37 MP: 9/16
  6677 | D:5      | Found a runed translucent gate.
  6677 | D:5      | Found a runed translucent gate.
  6678 | D:5      | Found a runed translucent gate.
  6678 | D:5      | Noticed Terratoch's ghost (amateur SpEn)
  6982 | D:5      | Reached skill level 1 in Fighting
  7134 | D:5      | Reached skill level 5 in Spellcasting
  7172 | D:6      | Found a sand-covered staircase.
  7182 | Ossuary  | Entered an ossuary
  8630 | D:5      | Reached XP level 8. HP: 11/44 MP: 3/18
  9085 | D:5      | Reached skill level 6 in Spellcasting
 10113 | D:6      | Reached skill level 5 in Dodging
 10113 | D:6      | Reached skill level 7 in Spellcasting
 10893 | D:6      | Found a shimmering altar of Xom.
 11151 | D:7      | Reached XP level 9. HP: 49/52 MP: 11/22
 11587 | D:7      | Reached skill level 8 in Spellcasting
 12385 | D:7      | Found a staircase to the Ecumenical Temple.
 12550 | Temple   | Entered the Ecumenical Temple
 12590 | Temple   | Became a worshipper of Sif Muna the Loreminder
 13045 | D:8      | Reached skill level 1 in Invocations
 13739 | D:7      | Reached skill level 9 in Spellcasting
 14119 | D:7      | Reached skill level 5 in Fighting
 15174 | D:8      | Identified the +1 robe "Exoirati" {Harm Regen+ Str+4 Int+3
                  | Dex-2}
 15183 | D:8      | Reached * piety under Sif Muna
 15379 | D:8      | Reached XP level 10. HP: 56/58 MP: 4/25
 16319 | D:9      | Reached skill level 10 in Spellcasting
 16686 | D:9      | Found a staircase to the Orcish Mines.
 17564 | D:9      | You fall into a shaft and drop 2 floors!
 17634 | D:11     | Reached skill level 5 in Invocations
 17746 | D:10     | Entered Level 10 of the Dungeon
 18520 | Orc:1    | Entered Level 1 of the Orcish Mines
 19201 | D:10     | Noticed Nergalle
 19249 | D:10     | Noticed a spectral orc warlord
 19564 | D:10     | Learned a level 3 spell: Tukima's Dance
 19567 | D:10     | Learned a level 2 spell: Ensorcelled Hibernation
 19647 | D:10     | Noticed Grum
 19660 | D:10     | Killed Grum
 19662 | D:10     | Reached ** piety under Sif Muna
 19814 | D:11     | Found a portal to a secret trove of treasure.
 20065 | D:11     | Noticed a manticore
 20067 | D:11     | Noticed a two-headed ogre
 20410 | D:8      | Found a hazy altar of Hepliaklqana.
 20723 | D:8      | Reached skill level 11 in Spellcasting
 20974 | D:8      | Identified the +0 leather armour of Pukhlaap {rElec rN+}
 21028 | D:8      | Found a staircase to the Lair.
 21262 | Lair:1   | Entered Level 1 of the Lair of Beasts
 21420 | Lair:1   | Noticed Sonja
 21442 | Lair:1   | Noticed a cane toad
 21443 | Lair:1   | Killed Sonja
 21444 | Lair:1   | Reached XP level 11. HP: 66/66 MP: 3/28
 21638 | Lair:1   | Reached skill level 10 in Dodging
 21938 | Lair:1   | Noticed Erica
 22005 | Lair:1   | Killed Erica
 22850 | Lair:2   | Reached skill level 12 in Spellcasting
 22999 | Lair:2   | Found a hole to the Spider Nest.
 23569 | Lair:2   | Learned a level 4 spell: Summon Lightning Spire
 24671 | Lair:3   | Noticed a five-headed hydra
 24682 | Lair:3   | Killed a five-headed hydra
 24687 | Lair:3   | Reached *** piety under Sif Muna
 24697 | Lair:3   | Demolished by a cane toad

Illustrated notes

Levels and vault maps discovered:
D:1:      moated_graveyard_arrival, layout_basic, serial_curves, eino_curves_03,
          eino_curves_04, eino_curves_04, eino_curves_04
D:2:      layout_rooms, okawaru_trees_1
D:3:      layout_basic, gammafunk_ghost_gnarly_gnolls, fedhas_altar_1,
          uniq_jessica
D:4:      layout_layer_cave
D:5:      layout_basic, biasface_ghost_orc_armoury, minmay_shop_damaged,
          kennysheep_cross_room
D:6:      layout_rooms, lightli_ossuary_entry_decrepit_ruins, tgw_xom
D:7:      layout_basic, minmay_temple_entry_antechambers
D:8:      layout_cave_pools, minmay_lair_entry_grove, basic_altar
D:9:      layout_loops_ring, orc_0_dummy, kennysheep_generic_room_10
D:10:     layout_stronghold, enter_bailey_6, uniq_nergalle, uniq_grum
D:11:     layout_layer_cave, nicolae_trove_entry_crystal
Temple:   regret_index_temple_sigil_plot
Lair:1:   layout_loops_ring, beast_lair_carwin_7, grunt_megastairs_5,
          lemuel_fruit_fields, uniq_sonja, uniq_erica
Lair:2:   layout_small_grid, spider_nest_entry_a, lemuel_fruit_fields,
          infiniplex_staircase_pool_2, serial_bayou_shore_b
Lair:3:   layout_loops_ring, serial_forest, infiniplex_forest_straight_4,
          infiniplex_forest_clump_medium, infiniplex_forest_lined_room_,
          infiniplex_forest_clump_cross, infiniplex_forest_corner_2,
          infiniplex_forest_end_double, infiniplex_forest_end_double,
          infiniplex_forest_zigzag_1, ldierk_geyser, lemuel_fruit_fields
Orc:1:    layout_caves, basic_altar, nicolae_volcano_entry_two_sided

Skill      XL: |  1  2  3  4  5  6  7  8  9 10 11 |
---------------+----------------------------------+-----
Conjurations   | 2 3 4 5 |  5.1
Hexes          | 1 2 |  2.0
Fire Magic     | 2 |  2.0
Translocations | 2 |  2.0
Air Magic      | 2 3 |  3.2
Poison Magic   | 2 |  2.0
Shields        | 2 4 |  4.0
Fighting       | 1 3 5 6 7 |  7.5
Spellcasting   | 5 7 9 11 12 | 12.2
Dodging        | 3 6 8 9 10 | 10.8
Invocations    | 3 6 8 |  8.0
Summonings     | 3 |  3.0
Stealth        | |  2.4

Action                   |  1- 3 |  4- 6 |  7- 9 | 10-12 || total
-------------------------+-------+-------+-------+-------++-------
Melee: Dagger            |     2 |     4 |     4 |    19 ||    29
       Short sword       |       |       |       |    77 ||    77
Throw: Javelin           |       |       |    12 |       ||    12
       Stone             |       |       |     2 |       ||     2
 Cast: Magic Dart        |   119 |   129 |   537 |   600 ||  1385
       Call Imp          |       |     5 |    12 |    27 ||    44
       Blink             |       |     4 |     5 |     8 ||    17
       Conjure Flame     |       |     5 |    23 |    35 ||    63
       Slow              |       |       |    13 |    16 ||    29
       Mephitic Cloud    |       |       |    17 |    40 ||    57
       Ensorcelled Hiber |       |       |       |     9 ||     9
       Tukima's Dance    |       |       |       |     1 ||     1
       Summon Lightning  |       |       |       |     4 ||     4
Invok: Channel Magic     |       |       |       |     1 ||     1
Evoke: Wand              |       |       |     9 |     4 ||    13
  Use: Scroll            |     3 |       |    11 |     8 ||    22
       Potion            |       |     2 |       |     5 ||     7
 Stab: Sleeping          |       |       |       |     2 ||     2
       Confused          |       |       |       |     2 ||     2
       Distracted        |       |       |       |     1 ||     1
Armor: Robe              |     2 |    10 |    31 |    68 ||   111
       Skin              |       |       |       |     8 ||     8
Dodge: Dodged            |    19 |    20 |   131 |   281 ||   451
Block: Buckler           |       |       |    51 |    86 ||   137

Table legend: (Time is in decaauts)
 A = Elapsed time spent in this place.
 B = Non-inter-level travel time spent in this place.
 C = Inter-level travel time spent in this place.
 D = Time resting spent in this place.
 E = Time spent auto-exploring this place.
 F = Levels seen in this place.
 G = Mean time per level.
                   A        B        C        D        E       F      G
               +--------+--------+--------+--------+--------+-----+--------+
         Total |  24776 |  23219 |   1557 |   8064 |  11569 |  17 | 1457.4 |
       Dungeon |  20305 |  18876 |   1429 |   6267 |   9784 |  11 | 1845.9 |
        Temple |     83 |     54 |     29 |      0 |     45 |   1 |   83.0 |
          Lair |   3457 |   3358 |     99 |    983 |   1716 |   3 | 1152.3 |
  Orcish Mines |      1 |      1 |      0 |      0 |      0 |   1 |    1.0 |
       Ossuary |    928 |    928 |      0 |    814 |     24 |   1 |  928.0 |
               +--------+--------+--------+--------+--------+-----+--------+

Top non-repeatable levels by time:
     D:7: 4102 daAuts
     D:5: 3338 daAuts
     D:9: 1912 daAuts
     D:8: 1890 daAuts
    D:10: 1731 daAuts
     D:4: 1680 daAuts
     D:3: 1672 daAuts
  Lair:2: 1583 daAuts
  Lair:1: 1462 daAuts
     D:1: 1274 daAuts
     D:6: 1268 daAuts
 Ossuary: 928 daAuts
     D:2: 859 daAuts
    D:11: 574 daAuts
  Lair:3: 411 daAuts
